 Dungeon Crawl Stone Soup version 0.28-a0-529-g3bad584f25 (webtiles) character file.

Game seed: 601031112374151512

285202 Ge0ff the Maledictor (level 19, -10/84 HPs)
             Began as a Felid Conjurer on Sept 24, 2021.
             Was an Elder of Sif Muna.
             Mangled by a vault warden (44 damage)
             ... on level 4 of the Vaults on Sept 26, 2021.
             The game lasted 03:56:54 (91652 turns).

Ge0ff the Maledictor (Felid Conjurer)              Turns: 91652, Time: 03:56:54

Health: -10/84     AC:  5    Str:  3    XL:     19   Next: 80%
Magic:  23/41      EV: 33    Int: 36    God:    Sif Muna [****..]
Gold:   5078       SH:  5    Dex: 22    Spells: 1/52 levels left
                                        Lives:  0   Deaths: 3

rFire   + . .      SeeInvis +     - Unarmed
rCold   + . .      Faith    .   (shield unavailable)
rNeg    . . .      Spirit   .   (armour unavailable)
rPois   .          Reflect  +   (helmet unavailable)
rElec   .          Harm     .   (cloak unavailable)
rCorr   .          Rampage  .   (gloves unavailable)
Will    ++...                   (boots unavailable)
Stlth   ++++++....              d - amulet "Cydumnanaul" {Reflect Int+4 SH+5}
HPRegen 0.24/turn               w - ring "Het Ylah" {rF+ Dex+6, =R}
MPRegen 0.27/turn               x - +6 ring of intelligence

@: marked, quick
A: very small, claws 1, fangs 3, see invisible, speed 1, shaggy fur 3, stealthy
paws, no weapons or thrown items, no armour, multi-lived, antennae 1, iridescent
scales 1
}: 2/15 runes: barnacled, gossamer
a: Renounce Religion, Channel Magic, Forget Spell, Divine Exegesis


You were on level 4 of the Vaults.
You worshipped Sif Muna.
Sif Muna was greatly pleased with you.
You visited 7 branches of the dungeon, and saw 38 of its levels.
You also visited: Sewer, Gauntlet, Ice Cave and Wizlab.

You collected 5354 gold pieces.
You spent 276 gold pieces at shops.

Inventory:

Jewellery
 b - a ring of flight
 d - the amulet "Cydumnanaul" (around neck) {Reflect Int+4 SH+5}
   (You found it on level 5 of the Lair of Beasts)

   [amulet of reflection]

   It reflects blocked missile attacks.
   Int:       It affects your intelligence (+4).
   SH:        It affects your SH (+5).
 g - a ring of wizardry
 h - a +4 ring of slaying
 i - a ring of positive energy
 u - a +6 ring of strength
 w - the ring "Het Ylah" (left paw) {rF+ Dex+6, =R}
   (You found it on level 6 of the Lair of Beasts)

   [ring of dexterity]

   Dex:       It affects your dexterity (+6).
   rF:        It protects you from fire.
 x - a +6 ring of intelligence (right paw)
 C - a +6 ring of dexterity
 D - a ring of poison resistance
 G - an amulet of regeneration
 J - a ring of protection from cold
 Q - a ring of fire
 Y - a ring of the Octopus King {AC+1 EV+1 Str+1 Int+1 Dex+1 SInv}
   (You took it off a deep elf demonologist on level 3 of the Elven Halls)

   [ring of see invisible]

   AC:        It affects your AC (+1).
   EV:        It affects your evasion (+1).
   Str:       It affects your strength (+1).
   Int:       It affects your intelligence (+1).
   Dex:       It affects your dexterity (+1).
   SInv:      It lets you see invisible.
Wands
 e - a wand of charming (15)
 f - a wand of flame (38)
 j - a wand of acid (1)
 k - a wand of iceblast (30)
 p - a wand of paralysis (11)
 s - a wand of mindburst (21)
 P - a wand of polymorph (18)
Scrolls
 a - 2 scrolls of torment
 m - 3 scrolls of magic mapping
 r - 6 scrolls of noise
 y - 5 scrolls of immolation
 B - 8 scrolls of blinking
 E - 7 scrolls of fear
 F - 4 scrolls of fog
 S - a scroll of summoning
 T - 15 scrolls of teleportation
 V - 4 scrolls of vulnerability
Potions
 o - 4 potions of ambrosia
 q - 14 potions of curing
 v - 3 potions of mutation {!q}
 z - 5 potions of brilliance
 A - 3 potions of attraction
 H - 5 potions of haste {!q}
 I - 2 potions of invisibility
 K - 5 potions of magic {!q}
 L - 5 potions of lignification
 M - 5 potions of might
 N - 3 potions of cancellation {!q}
 R - 6 potions of resistance
 W - 8 potions of heal wounds {!q}
 X - 2 potions of flight
 Z - 3 potions of berserk rage {!q}
Miscellaneous
 c - a condenser vane
 l - a lightning rod (4/4)
 n - a phial of floods
 t - a tin of tremorstones (2/2)
 O - a box of beasts (inert)
 U - a phantom mirror


   Skills:
 - Level 10.0 Fighting
 - Level 16.1 Dodging
 - Level 13.6 Stealth
 - Level 7.2 Unarmed Combat
 - Level 17.0 Spellcasting
 + Level 11.9 Conjurations
 - Level 22.5 Hexes
 - Level 7.0 Translocations
 - Level 12.0 Transmutations
 - Level 5.0 Fire Magic
 - Level 7.0 Air Magic
 + Level 11.9 Earth Magic
 - Level 8.0 Poison Magic
 - Level 5.0 Invocations
 - Level 7.0 Evocations


You had one spell level left.
You knew the following spells:

 Your Spells              Type           Power      Damage    Failure   Level
b - Statue Form           Tmut/Erth      57%        N/A       1%          6
c - Blink                 Tloc           N/A        N/A       1%          2
f - Discord               Hex            57%        N/A       1%          8
g - Apportation           Tloc           100%       N/A       1%          1
h - Lee's Rapid Deconstr  Erth           43%        3d22*     1%          5
i - Ignite Poison         Fire/Tmut/Pois 74%        N/A       1%          3
m - Iskenderun's Mystic   Conj/Tloc      78%        2d16      1%          4
r - Olgreb's Toxic Radia  Pois           73%        N/A       1%          4
y - Yara's Violent Unrav  Hex/Tmut       50%        3d19      1%          5
C - Poisonous Vapours     Pois/Air       100%       N/A       1%          2
E - Irradiate             Conj/Tmut      43%        3d28      1%          5
I - Invisibility          Hex            57%        N/A       0%          6

Your spell library contained the following spells:

 Spells                   Type           Power      Damage    Failure   Level
 Magic Dart               Conj           100%       1d8       0%          1
 Sandblast                Erth           100%       2d20      0%          1
 Animate Skeleton         Necr           60%        N/A       1%          1
 Foxfire                  Conj/Fire      100%       2x1d9     1%          1
 Freeze                   Ice            100%       1d11      1%          1
 Pain                     Necr           100%       1d9       1%          1
 Shock                    Conj/Air       100%       1d9       1%          1
 Sting                    Tmut/Pois      100%       1d8       1%          1
 Summon Small Mammal      Summ           100%       N/A       1%          1
 Ensorcelled Hibernation  Hex/Ice        100%       N/A       0%          2
 Passwall                 Tmut/Erth      71%        N/A       0%          2
 Searing Ray              Conj           100%       2d8       0%          2
 Slow                     Hex            100%       N/A       0%          2
 Wereblood                Tmut           86%        N/A       0%          2
 Confusing Touch          Hex            100%       N/A       0%          3
 Dazzling Flash           Conj/Hex       100%       N/A       0%          3
 Inner Flame              Hex/Fire       92%        N/A       0%          3
 Tukima's Dance           Hex            100%       N/A       0%          3
 Cause Fear               Hex            57%        N/A       0%          4
 Fulminant Prism          Conj/Hex       50%        3d23      0%          4
 Leda's Liquefaction      Hex/Erth       50%        N/A       0%          4
 Corpse Rot               Necr/Air       N/A        N/A       1%          2
 Scorch                   Fire           100%       2d10      1%          2
 Static Discharge         Conj/Air       78%        N/A       1%          2
 Sublimation of Blood     Necr           15%        N/A       1%          2
 Conjure Flame            Conj/Fire      75%        6-21      1%          3
 Gell's Gravitas          Tloc           34%        N/A       1%          3
 Lesser Beckoning         Tloc           69%        N/A       1%          3
 Mephitic Cloud           Conj/Pois/Air  76%        N/A       1%          3
 Spider Form              Tmut/Pois      40%        N/A       1%          3
 Stone Arrow              Conj/Erth      100%       3d13      1%          3
 Summon Guardian Golem    Hex/Summ       84%        N/A       1%          3
 Swiftness                Air            69%        N/A       1%          3
 Teleport Other           Tloc           69%        N/A       1%          3
 Airstrike                Air            34%        N/A       1%          4
 Flame Wave               Conj/Fire      75%        3d13      1%          4
 Ice Form                 Ice/Tmut       65%        N/A       1%          4
 Passage of Golubria      Tloc           N/A        N/A       1%          4
 Petrify                  Tmut/Erth      86%        N/A       1%          4
 Sticky Flame             Conj/Fire      75%        2d9       1%          4
 Alistair's Intoxication  Tmut/Pois      53%        N/A       1%          5
 Blade Hands              Tmut           43%        N/A       1%          5
 Fireball                 Conj/Fire      37%        3d15      1%          5
 Iskenderun's Battlesphe  Conj           86%        2d13      1%          5
 Lightning Bolt           Conj/Air       39%        1d57      1%          5
 Manifold Assault         Tloc           69%        N/A       1%          5
 Metabolic Englaciation   Hex/Ice        42%        N/A       1%          5
 Silence                  Hex/Air        47%        N/A       1%          5
 Summon Mana Viper        Hex/Summ       84%        N/A       1%          5
 Iron Shot                Conj/Erth      43%        9d8       1%          6
 Summon Lightning Spire   Summ/Air       54%        N/A       2%          4
 Borgnjor's Vile Clutch   Necr/Erth      32%        N/A       2%          5
 Freezing Cloud           Conj/Ice/Air   33%        6-21      2%          5
 Eringya's Noxious Bog    Tmut/Pois      40%        N/A       2%          6
 Ozocubu's Armour         Ice            30%        N/A       3%          3
 Vampiric Draining        Necr           15%        2d8       3%          3
 Conjure Ball Lightning   Conj/Air       39%        3x3d13    3%          6
 Starburst                Conj/Fire      37%        6d11      5%          6
 Dragon Form              Tmut           43%        N/A       7%          7
 Orb of Destruction       Conj           43%        9d14      7%          7
 Summon Forest            Summ/Tloc      27%        N/A       8%          5
 Dispersal                Tloc           34%        N/A       10%         6
 Dispel Undead            Necr           30%        3d14      11%         4
 Summon Ice Beast         Ice/Summ       30%        N/A       11%         4
 Storm Form               Tmut/Air       39%        N/A       19%         7
 Lehudib's Crystal Spear  Conj/Erth      43%        10d10     50%         8
 Spellforged Servitor     Conj/Summ      32%        N/A       63%         7
 Death Channel            Necr           15%        N/A       86%         6
 Summon Cactus Giant      Summ           15%        N/A       86%         6
 Malign Gateway           Summ/Tloc      27%        N/A       92%         7
 Disjunction              Tloc           34%        N/A       99%         8
 Maxwell's Capacitive Co  Air            34%        ∞         99%         8
 Necromutation            Tmut/Necr      32%        N/A       99%         8
 Monstrous Menagerie      Summ           15%        N/A       100%        7
 Ozocubu's Refrigeration  Ice            15%        4d8       100%        7
 Summon Hydra             Summ           15%        N/A       100%        7
 Ignition                 Fire           30%        3d10      100%        8
 Chain Lightning          Conj/Air       39%        3d52      100%        9
 Dragon's Call            Summ           15%        N/A       100%        9
 Fire Storm               Conj/Fire      37%        8d10      100%        9
 Shatter                  Erth           43%        3d33*     100%        9
 Portal Projectile        Hex/Tloc       Unusable   N/A       N/A         3
 Excruciating Wounds      Necr           Unusable   N/A       N/A         5

Dungeon Overview and Level Annotations

Branches:
Dungeon (15/15)            Temple (0/1) D:6            Lair (6/6) D:11
 Shoals (4/4) Lair:2       Spider (4/4) Lair:4        Slime (0/5) Lair:5
    Orc (2/2) D:12            Elf (3/3) Orc:2        Vaults (4/5) D:14
  Crypt (0/3) Vaults:2     Depths (0/4) D:15          Sewer (visited)
  IceCv (visited)          WizLab (visited)         Gauntlet (visited)

Altars:
Elyvilon
Gozag
Kikubaaqudgha
Okawaru
Qazlal
Ru
Sif Muna
Uskayaw
Vehumet
Wu Jian
Yredelemnul
Jiyva

Shops:
D:10 *   Orc:2 *:(*   Elf:1 [[[*[

Portals:
Abyss: Spider:1

Annotations:
Spider:1 2 transporters, DungeonMaster's ghost, journeyman SpBr


Innate Abilities, Weirdness & Mutations

You have sharp claws.
You have razor-sharp teeth.
You have supernaturally acute eyesight. (SInv)
You cover ground quickly. (Speed+)
Your thick and shaggy fur keeps you warm. (AC +3, rC+)
Your paws help you pounce on unaware monsters.
You are incapable of wielding weapons or throwing items.
You cannot wear armour.
You gain extra lives every three experience levels.
You have a pair of small antennae on your head.
You are partially covered in iridescent scales. (AC +2)


Message History

A yaktaur, a vault warden and an ironbound convoker come into view.
The ironbound thunderhulk hits something with a +0 dire flail!!
The yaktaur completely misses you.
A yaktaur comes into view.
Something hits the ironbound thunderhulk!
The yaktaur wields a +0 arbalest.
The yaktaur shoots a bolt.
The bolt hits the yaktaur!!
The ironbound thunderhulk completely misses something.
The yaktaur hits the yaktaur!
Something hits the ironbound thunderhulk!
The ironbound thunderhulk dies!
The yaktaur moves out of view.
You hear a shout!
Casting: Discord (dangerous; 1% risk of failure)
Confirm with . or Enter, or press ? or * to list all spells.
You blink.
Sif Muna accepts your kill.
You feel a bit more experienced.
As you read the scroll of teleportation, it crumbles to dust.
You feel strangely unstable.
The yaktaur captain wields a +0 arbalest.
The yaktaur captain shoots a bolt.
The bolt misses you.
Your surroundings suddenly seem different.
Use which ability? (? or * to list)
You revert to your normal fleshy form.
Your magical contamination has completely faded away.
An ironbound convoker is nearby!
Casting: Blink (safe; 1% risk of failure)
Confirm with . or Enter, or press ? or * to list all spells.
The ironbound convoker flies into a frenzy!
The ironbound convoker hits something with a +0 morningstar! x2
Sif Muna accepts your kill.
You feel a bit more experienced. Sif Muna accepts your kill.
You feel a bit more experienced. Sif Muna accepts your kill.
You feel a bit more experienced.
You hear a shout!
You hear a shout!
You hear a horrible gurgling sound!
A vault warden is nearby!
The vault warden activates a sealing rune.
A door slams shut!
A yaktaur comes into view.
The vault warden hits you with a +3 great mace!!!
* * * LOW HITPOINT WARNING * * *
Really quaff
W - 9 potions of heal wounds {!q}?
You feel much better.
The vault warden hits you with a +3 great mace!!!
Ouch! That really hurt!
You die...

#..........# #......#######
#..........# #......#..#...
#..........# #......#..#...
##########'#####
#......#..#...
####.......#####......#..###'
#..####.####..##..<...#......
#....(#.#...c.##......'......
###.##.....##p###......#......
#.#.###...###@#.#......#..#'##
#.#..###>###..#.#..)...#..#...
#.##..#####..##.#).....#..#...
#......# #......+......#..#...
#.##..#####..##.##############
#.#..###<###..#.# ##
#.#.###.).###.#.# #.
###[##[....##.### ##
#.....#.#.....# #


You could see a vault warden and a yaktaur.

Vanquished Creatures
  A Head Instructor (WizLab)
  Bai Suzhen (Vaults:4)
  Arachne (Spider:3)
  Rupert (Lair:3)
  Mlioglotl (Spider:2)
  2 deep elf blademasters (Elf:3)
  Asterion (Spider:4)
  A quicksilver dragon (WizLab)
  2 deep elf master archers (Elf:3)
  5 sphinxes
  Gastronok (D:12)
  2 tengu reavers (WizLab)
  Ilsuiw (Shoals:2)
  Donald (Shoals:1)
  An azure jelly (shapeshifter) (D:14)
  A fire giant (Vaults:3)
  Roxanne (Spider:3)
  4 frost giants
  Louise (Shoals:1)
  2 ghost moths
  A draconian knight (WizLab)
  7 emperor scorpions (Spider:4)
  6 vault wardens
  6 deep elf sorcerers
  Aizul (Shoals:4)
  2 orc warlords
  2 deep elf elementalists (Elf:3)
  2 stone giants
  3 very ugly things
  A reaper (IceCv)
  A war gargoyle (Vaults:1)
  3 ironbound preservers
  8 deep elf demonologists (Elf:3)
  A minotaur (Gauntlet)
  The ghost of Ymidutt the Blocker, a journeyman GnFi of Gozag (Lair:5)
  6 deep elf annihilators (Elf:3)
  6 entropy weavers
  7 dire elephants
  The ghost of Kyulydaec the Martial Artist, a journeyman OpTm of Cheibriados (Lair:5)
  2 spark wasps
  The ghost of Besadwos the Slinger, a journeyman OpHu of Okawaru (Lair:5)
  6 merfolk javelineers
  Snorg (Lair:6)
  4 deep elf death magi (Elf:3)
  Josephine (Shoals:1)
  2 ettins (Vaults:1)
  2 deep elf high priests
  12 merfolk impalers
  3 yaktaur captains (Vaults:1)
  4 vault guards (D:14)
  2 great orbs of eyes (Vaults:2)
  Harold (D:9)
  Fannar (D:11)
  9 hydras
  An ogre mage (WizLab)
  7 ironbound frosthearts
  4 boulder beetles
  7 merfolk avatars
  8 centaur warriors
  3 spriggan air magi (WizLab)
  A death knight (D:14)
  3 ironbound thunderhulks
  5 merfolk aquamancers
  A satyr (Shoals:4)
  22 dancing weapons
  2 tengu warriors (D:15)
  3 catoblepae
  7 two-headed ogres
  4 orc high priests (Orc:2)
  A death scarab (Gauntlet)
  7 death yaks
  Urug (Orc:1)
  3 hell knights
  A titan zombie (Vaults:3)
  10 deep elf knights
  A shadow wraith (Shoals:2)
  21 slime creatures
  3 skeletal warriors (D:12)
  A spectral catoblepas (Gauntlet)
  3 salamander mystics (WizLab)
  17 sea snakes
  A glowing orange brain (Vaults:4)
  5 deep elf archers
  6 deep trolls
  19 harpies
  26 deep elf pyromancers
  A tengu zombie (Vaults:3)
  6 wizards
  6 ironbound convokers
  9 lindwurms
  2 orc knights
  5 mana vipers (WizLab)
  5 orc sorcerers
  15 ugly things
  17 deep elf zephyrmancers
  2 necromancers
  21 wolf spiders
  16 orb spiders
  A shining eye (Gauntlet)
  3 oklob plants
  16 cyclopes
  8 fauns
  13 manticores
  Maurice (D:8)
  2 ice statues (IceCv)
  5 black mambas
  3 water nymphs (Shoals:2)
  9 merfolk sirens
  9 elephants
  5 moths of wrath
  An unseen horror (shapeshifter) (D:14)
  2 naga magi (WizLab)
  9 vault sentinels
  A torpor snail (Lair:2)
  Psyche (D:8)
  14 cane toads
  12 demonic crawlers
  3 kobold demonologists (D:9)
  11 komodo dragons
  6 yaktaurs
  A freezing wraith (IceCv)
  A rime drake (Lair:4)
  6 ice devils (IceCv)
  5 tengu conjurers
  2 anaconda simulacra (IceCv)
  An entropy weaver simulacrum (IceCv)
  A queen bee (Gauntlet)
  23 merfolk
  33 jumping spiders
  A meliai (D:14)
  5 polar bears (Lair:6)
  7 trolls
  8 hornets
  24 dream sheep
  A raiju (shapeshifter) (D:13)
  6 blink frogs
  5 wind drakes
  13 snapping turtles
  24 tarantellas
  12 spriggans (Lair:6)
  An air elemental (Elf:1)
  49 redbacks
  3 wraiths (Shoals:1)
  15 water elementals
  4 wyverns
  33 yaks
  Sigmund (D:3)
  3 shadows
  3 dire elephant simulacra (IceCv)
  A fire elemental (Elf:2)
  A golden eye (Gauntlet)
  Grum (D:10)
  A death yak simulacrum (Lair:5)
  3 basilisks
  2 steam dragons (D:8)
  A vampire mosquito (D:14)
  A warg (Orc:1)
  A yaktaur simulacrum (Vaults:3)
  An elf skeleton (Vaults:3)
  14 water moccasins
  4 harpy simulacra (IceCv)
  2 acid dragons
  A floating eye (Gauntlet)
  25 orc warriors
  An ice beast (D:5)
  4 black bears
  A necrophage (D:4)
  6 ogres
  7 boggarts
  39 wolves
  9 centaurs
  A phantom (D:4)
  4 kobold brigands
  8 bullfrogs
  3 earth elementals
  A cane toad simulacrum (Lair:5)
  2 scorpions
  2 gnoll sergeants
  11 killer bees
  9 wights
  7 howler monkeys
  A vampire bat (Orc:1)
  8 electric eels
  6 jellies
  3 centaur zombies
  3 hounds
  A bullfrog skeleton (D:6)
  2 centaur skeletons (D:7)
  A gnoll shaman (D:5)
  23 orc priests
  Terence (D:3)
  4 iguanas
  28 orc wizards
  2 polar bear simulacra
  2 wolf simulacra
  A spriggan simulacrum (IceCv)
  A killer bee zombie (D:7)
  A hound skeleton (D:4)
  2 howler monkey zombies
  12 gnolls
  10 adders
  10 river rats (Sewer)
  A white imp (Vaults:2)
  3 ufetubi
  2 worms
  4 dart slugs
  95 orcs
  9 ball pythons
  8 endoplasms
  3 giant cockroaches (D:2)
  6 goblins
  6 hobgoblins
  5 jackals
  3 quokkas
  13 bats
  3 frilled lizards
  27 kobolds
  21 rats
  A fulminant prism (IceCv)
1388 creatures vanquished.

Vanquished Creatures (collateral kills)
  2 vault wardens
  A deep elf sorcerer (Vaults:1)
  7 ironbound preservers
  6 very ugly things
  2 deep elf demonologists
  A vampire knight (WizLab)
  11 dire elephants
  5 yaktaur captains
  3 ironbound thunderhulks
  2 great orbs of eyes
  A boulder beetle (Vaults:2)
  4 ironbound frosthearts
  5 vault guards
  4 centaur warriors
  3 dancing weapons (Elf:2)
  2 deep elf knights (Elf:2)
  2 glowing orange brains (Vaults:4)
  19 deep trolls
  2 wizards
  4 vault sentinels
  A deep elf archer (Elf:3)
  2 orc knights (Vaults:3)
  2 deep elf pyromancers
  3 lindwurms (Vaults:2)
  3 ironbound convokers
  3 ugly things
  A mana viper (WizLab)
  18 yaktaurs
  A jumping spider (Spider:3)
  A merfolk (shapeshifter) (Vaults:4)
  8 slime creatures
  2 redbacks (Vaults:4)
131 creatures vanquished.

Vanquished Creatures (others)
  A vault warden (Vaults:1)
  An ironbound preserver (Vaults:1)
  A very ugly thing (Vaults:1)
  2 dire elephants (Vaults:1)
  2 yaktaur captains
  2 vault guards (Vaults:1)
  An ironbound thunderhulk (Vaults:4)
  2 lindwurms
  4 deep trolls
  2 ironbound convokers
  A necromancer (Vaults:3)
  3 deep elf zephyrmancers (Elf:3)
  An ugly thing (Vaults:1)
  A vault sentinel (Vaults:1)
  3 yaktaurs
  An orc (D:8)
  3 bushes (D:14)
  157 fulminant prisms
  63 fungi
  174 plants
  4 withered plants (Lair:5)
429 creatures vanquished.

Grand Total: 1948 creatures vanquished

Notes
Turn   | Place    | Note
-------+----------+-------------------------------------------
     0 | D:1      | Ge0ff the Felid Conjurer began the quest for the Orb.
     0 | D:1      | Reached XP level 1. HP: 7/7 MP: 4/4
   175 | D:1      | Reached skill level 1 in Fighting
   254 | D:1      | You fall into a shaft and drop 1 floor!
   392 | D:1      | Reached XP level 2. HP: 12/12 MP: 6/6
   396 | D:1      | Learned a level 2 spell: Searing Ray
  1029 | D:2      | Found an ancient bone altar of Kikubaaqudgha.
  1224 | D:2      | Reached XP level 3. HP: 15/15 MP: 4/7
  1230 | D:2      | Learned a level 2 spell: Poisonous Vapours
  2125 | D:3      | Reached XP level 4. HP: 12/19 MP: 4/8
  2202 | D:3      | Reached skill level 1 in Air Magic
  2202 | D:3      | Reached skill level 1 in Poison Magic
  2235 | D:3      | Found a sacrificial altar of Ru.
  2242 | D:3      | Found an opulent altar of Gozag.
  2246 | D:3      | Found a shimmering blue altar of Sif Muna.
  2433 | D:3      | Noticed Sigmund
  2470 | D:3      | Found a stormy altar of Qazlal.
  2473 | D:3      | Found a white marble altar of Elyvilon.
  2477 | D:3      | Killed Sigmund
  2478 | D:3      | Reached XP level 5. HP: 13/22 MP: 1/9
  2478 | D:3      | Became a worshipper of Sif Muna the Loreminder
  2541 | D:3      | Found a glowing drain.
  2736 | Sewer    | Entered a sewer
  2844 | Sewer    | Gained mutation: You are covered in thick fur. (AC +2)
                  | [Felid growth]
  2844 | Sewer    | Reached XP level 6. HP: 25/25 MP: 3/11
  3618 | Sewer    | Reached skill level 5 in Conjurations
  3694 | Sewer    | Learned a level 4 spell: Fulminant Prism
  3850 | Sewer    | Reached * piety under Sif Muna
  4580 | D:3      | Noticed Terence
  4601 | D:3      | Killed Terence
  4602 | D:3      | Reached skill level 1 in Hexes
  5044 | D:3      | Reached XP level 7. HP: 21/28 MP: 4/12
  5439 | D:4      | Identified the +3 mace "Evvobiom" {spect, rPois rC+ Str-4}
  5544 | D:4      | Reached skill level 1 in Unarmed Combat
  5544 | D:4      | Reached skill level 2 in Hexes
  5673 | D:4      | Reached skill level 3 in Hexes
  6085 | D:4      | Reached skill level 4 in Hexes
  6747 | D:5      | Entered Level 5 of the Dungeon
  7012 | D:5      | Reached skill level 5 in Hexes
  7247 | D:5      | Reached XP level 8. HP: 32/32 MP: 5/13
  7631 | D:5      | Reached skill level 6 in Hexes
  8245 | D:5      | Reached skill level 7 in Hexes
  8719 | D:6      | Noticed a hornet
  9576 | D:5      | Reached skill level 8 in Hexes
  9786 | D:6      | Reached ** piety under Sif Muna
  9858 | D:6      | Found an ornate altar of the Wu Jian Council.
  9868 | D:6      | Found a staircase to the Ecumenical Temple.
  9916 | D:6      | Reached skill level 9 in Hexes
 10017 | D:6      | Learned a level 2 spell: Slow
 10577 | D:6      | Killed a hornet
 10578 | D:6      | Reached skill level 10 in Hexes
 11051 | D:7      | Reached XP level 9. HP: 30/35 MP: 8/14
 11288 | D:7      | Learned a level 3 spell: Confusing Touch
 11389 | D:7      | Identified the +9 hunting sling of the Crawling Thing
                  | {freeze, rN+ rCorr}
 11667 | D:7      | Found an iron altar of Okawaru.
 12024 | D:7      | Noticed a +0 hand axe
 12025 | D:7      | Noticed a +0 hand axe
 12029 | D:7      | Found a hide-covered altar of Uskayaw.
 12281 | D:7      | Reached skill level 1 in Evocations
 12612 | D:8      | Noticed Maurice
 12619 | D:8      | Killed Maurice
 12620 | D:8      | Reached skill level 5 in Stealth
 13323 | D:8      | Killed from afar by a steam dragon
 13324 | D:8      | Reached XP level 8. HP: -4/33 MP: 2/13
 13325 | D:8      | Noticed Psyche
 13336 | D:8      | Killed Psyche
 13543 | D:8      | Reached XP level 9. HP: 33/36 MP: 8/14
 13640 | D:8      | Reached skill level 5 in Dodging
 13644 | D:8      | Reached skill level 5 in Evocations
 14168 | D:8      | Noticed a green ugly thing
 14203 | D:8      | Killed a green ugly thing
 14204 | D:8      | Reached skill level 1 in Invocations
 15328 | D:9      | Noticed a two-headed ogre
 15351 | D:9      | Killed a two-headed ogre
 15351 | D:9      | Reached *** piety under Sif Muna
 15530 | D:9      | Noticed Harold
 15638 | D:9      | Reached skill level 11 in Hexes
 15783 | D:9      | Reached XP level 10. HP: 35/40 MP: 7/17
 16210 | D:9      | Found a radiant altar of Vehumet.
 16389 | D:9      | Noticed a sun demon
 16394 | D:9      | Reached skill level 12 in Hexes
 17051 | D:9      | Killed Harold
 17568 | D:10     | Entered Level 10 of the Dungeon
 17881 | D:10     | Found Luprucuu's Assorted Antiques.
 18218 | D:10     | Noticed a deep elf pyromancer
 18899 | D:10     | Noticed a two-headed ogre
 18967 | D:10     | Noticed an elephant
 18967 | D:10     | a deep elf pyromancer changed into an elephant
 19092 | D:10     | Killed an elephant
 19163 | D:10     | Bought a scroll labelled UTOUVAERANK for 27 gold pieces
 19163 | D:10     | Bought a wand of paralysis (8) for 54 gold pieces
 19905 | D:10     | Reached XP level 11. HP: 35/43 MP: 7/18
 20180 | D:10     | Noticed Grum
 20189 | D:10     | Killed Grum
 20461 | D:10     | Reached skill level 5 in Unarmed Combat
 20541 | D:10     | Learned a level 4 spell: Iskenderun's Mystic Blast
 20698 | D:10     | Noticed a deep elf pyromancer
 20927 | D:10     | Killed a deep elf pyromancer
 20928 | D:10     | Reached skill level 1 in Translocations
 21163 | D:10     | Identified the +3 plate armour of Crawling {Will- MP+9
                  | Str+10 SInv}
 21861 | D:10     | Killed a two-headed ogre
 22073 | D:10     | Bought a knobbly golden ring for 135 gold pieces
 22081 | D:11     | Noticed a boulder beetle
 22091 | D:11     | Killed a boulder beetle
 22133 | D:11     | Noticed a two-headed ogre
 22137 | D:11     | Killed a two-headed ogre
 22189 | D:11     | Noticed Fannar
 22602 | D:11     | Killed Fannar
 22705 | D:11     | Reached **** piety under Sif Muna
 23215 | D:11     | Found a staircase to the Lair.
 23798 | Lair:1   | Entered Level 1 of the Lair of Beasts
 24205 | Lair:1   | Noticed an oklob plant
 24487 | Lair:1   | Reached skill level 5 in Air Magic
 24487 | Lair:1   | Reached skill level 5 in Poison Magic
 24487 | Lair:1   | Gained mutation: Your thick and shaggy fur keeps you warm.
                  | (AC +3, rC+) [Felid growth]
 24487 | Lair:1   | Reached XP level 12. HP: 49/49 MP: 8/20
 24644 | Lair:1   | Noticed an eight-headed hydra
 24660 | Lair:1   | Killed an eight-headed hydra
 24661 | Lair:1   | Reached skill level 5 in Spellcasting
 25367 | Lair:1   | Reached skill level 5 in Translocations
 25578 | Lair:1   | Learned a level 3 spell: Ignite Poison
 25714 | Lair:2   | Reached skill level 1 in Transmutations
 25714 | Lair:2   | Reached skill level 1 in Fire Magic
 25983 | Lair:2   | Found a staircase to the Shoals.
 27466 | Lair:3   | Noticed a five-headed hydra
 27667 | Lair:3   | Reached ***** piety under Sif Muna
 27696 | Lair:3   | Reached skill level 5 in Transmutations
 27956 | Lair:3   | Noticed a death yak
 27960 | Lair:3   | Killed a death yak
 28003 | Lair:3   | Noticed a death yak
 28009 | Lair:3   | Noticed a death yak
 28033 | Lair:3   | Killed a death yak
 28033 | Lair:3   | Killed a death yak
 28286 | Lair:3   | Killed a five-headed hydra
 28287 | Lair:3   | Reached skill level 5 in Fire Magic
 28952 | Lair:3   | Noticed Rupert
 29269 | Lair:4   | Found a hole to the Spider Nest.
 29781 | Lair:4   | Reached XP level 13. HP: 52/52 MP: 10/21
 30481 | Lair:4   | Received a gift from Sif Muna
 30484 | Lair:4   | Got Sif Muna's Catalogue of Dried Tears {god gift}
 31064 | Lair:5   | Found a frozen archway.
 31212 | IceCv    | Entered an ice cave
 31853 | IceCv    | Reached skill level 13 in Hexes
 33043 | IceCv    | Noticed a reaper
 33075 | IceCv    | Killed a reaper
 33076 | IceCv    | Reached skill level 14 in Hexes
 34017 | Lair:5   | Found a runed translucent door.
 34021 | Lair:5   | Found a viscous altar of Jiyva.
 34022 | Lair:5   | Found a staircase to the Slime Pits.
 34250 | Lair:5   | Got the Papyrus of the Voyage
 34263 | Lair:5   | Found a runed translucent gate.
 34263 | Lair:5   | Found a runed translucent gate.
 34263 | Lair:5   | Found a runed translucent gate.
 34267 | Lair:5   | Noticed Besadwos's ghost (journeyman OpHu)
 34270 | Lair:5   | Noticed Kyulydaec's ghost (journeyman OpTm)
 34271 | Lair:5   | Noticed Ymidutt's ghost (journeyman GnFi)
 34504 | Lair:6   | Entered Level 6 of the Lair of Beasts
 34779 | Lair:6   | Found a gate leading to a gauntlet.
 34789 | Gauntlet | Entered a Gauntlet
 34789 | Gauntlet | Found a transporter.
 34896 | Gauntlet | Found a transporter.
 34900 | Gauntlet | Found a transporter.
 34905 | Gauntlet | Found a transporter.
 34908 | Gauntlet | Found a transporter.
 34913 | Gauntlet | Found a transporter.
 34916 | Gauntlet | Found a transporter.
 34920 | Gauntlet | Found a transporter.
 34925 | Gauntlet | Found a transporter.
 34928 | Gauntlet | Noticed a dire elephant
 34932 | Gauntlet | Found a transporter.
 34932 | Gauntlet | Found a transporter.
 34937 | Gauntlet | Found a transporter.
 34937 | Gauntlet | Found a runed translucent door.
 34940 | Gauntlet | Found a transporter.
 34998 | Gauntlet | Found a transporter.
 35667 | Gauntlet | Killed a dire elephant
 35668 | Gauntlet | Reached XP level 14. HP: 57/57 MP: 12/25
 35674 | Gauntlet | Learned a level 5 spell: Irradiate
 36407 | Lair:6   | Reached skill level 10 in Conjurations
 36414 | Lair:6   | Noticed Snorg
 36422 | Lair:6   | Killed Snorg
 37849 | Lair:6   | Received a gift from Sif Muna
 37852 | Lair:6   | Got Sif Muna's Handbook of Execration {god gift}
 38497 | Lair:6   | Identified the +0 ring mail of Feasting {Will+ Int+3}
 38497 | Lair:6   | Identified the ring "Het Ylah" {rF+ Dex+6}
 39603 | Lair:3   | Killed Rupert
 40785 | D:12     | Reached skill level 10 in Transmutations
 41092 | D:12     | Reached skill level 5 in Invocations
 41858 | D:12     | Noticed Gastronok
 41876 | D:12     | Killed Gastronok
 41877 | D:12     | Reached XP level 15. HP: 60/60 MP: 5/29
 42570 | D:12     | Received a gift from Sif Muna
 42576 | D:12     | Got Lehag's Guide on Twisted Enchantment {god gift}
 42674 | D:12     | Found a staircase to the Orcish Mines.
 43150 | D:12     | Learned a level 1 spell: Apportation
 43157 | D:12     | Learned a level 6 spell: Invisibility
 43160 | D:12     | Learned a level 2 spell: Blink
 43188 | Orc:1    | Entered Level 1 of the Orcish Mines
 43436 | Orc:1    | Reached skill level 10 in Spellcasting
 43722 | Orc:2    | Entered Level 2 of the Orcish Mines
 43799 | Orc:1    | Noticed Urug
 43803 | Orc:1    | Killed Urug
 43878 | Orc:2    | Found a staircase to the Elven Halls.
 45113 | Orc:1    | Received a gift from Sif Muna
 45121 | Orc:1    | Got Sif Muna's Almanac of Attacks and Lightness {god gift}
 45333 | Orc:2    | Found Anwiger's Book Shop.
 45336 | Orc:2    | Found Feyfis's Assorted Antiques.
 45337 | Orc:2    | Found Ipumyanoiz's Weapon Boutique.
 45341 | Orc:2    | Found Guleipiy's General Store.
 45416 | Orc:2    | Bought a scroll of fog for 60 gold pieces
 45499 | Orc:2    | Noticed an orc warlord
 45507 | Orc:2    | Killed an orc warlord
 47071 | D:13     | Reached skill level 10 in Stealth
 47648 | D:14     | Found a gate to the Vaults.
 47684 | D:14     | Found a runed translucent door.
 48045 | D:14     | Noticed a sphinx
 48045 | D:14     | Noticed a sphinx
 48059 | D:14     | Killed a sphinx
 48288 | D:14     | Killed a sphinx
 48326 | D:14     | Noticed an azure jelly
 48371 | D:14     | Killed an azure jelly
 48374 | D:14     | Reached skill level 10 in Dodging
 48639 | D:14     | Received a gift from Sif Muna
 48642 | D:14     | Got Ujituj's Papyrus of the Birds {god gift}
 49040 | D:14     | Reached skill level 5 in Fighting
 49299 | D:15     | Entered Level 15 of the Dungeon
 50213 | D:15     | Reached XP level 16. HP: 41/67 MP: 21/31
 50696 | D:15     | Found a staircase to the Depths.
 51072 | D:15     | Gained mutation: You sometimes lose the ability to read
                  | scrolls when taking damage. [mutagenic glow]
 51368 | D:15     | Lost mutation: You sometimes lose the ability to read
                  | scrolls when taking damage. [potion of mutation]
 51368 | D:15     | Gained mutation: You are partially covered in iridescent
                  | scales. (AC +2) [potion of mutation]
 51368 | D:15     | Gained mutation: You have a pair of small antennae on your
                  | head. [potion of mutation]
 51576 | Lair:5   | Killed Besadwos's ghost
 51576 | Lair:5   | Killed Kyulydaec's ghost
 51580 | Lair:5   | Killed Ymidutt's ghost
 51634 | Lair:5   | Got the Reference Book on Execration and Slavery
 51637 | Lair:5   | Identified the amulet "Cydumnanaul" {Reflect Int+4 SH+5}
 51643 | Lair:5   | Learned a level 2 spell: Ensorcelled Hibernation
 51696 | Spider:1 | Entered Level 1 of the Spider Nest
 52508 | Spider:1 | Reached skill level 15 in Hexes
 52573 | Spider:1 | Found a one-way gate to the infinite horrors of the Abyss.
 52573 | Spider:1 | Noticed DungeonMaster's ghost (journeyman SpBr)
 52575 | Spider:1 | Noticed a tentacled starspawn
 52605 | Spider:1 | Found a transporter.
 52607 | Spider:1 | Found a transporter.
 52927 | Spider:1 | Received a gift from Sif Muna
 52930 | Spider:1 | Got Sif Muna's Catalogue of Earthen Beguiling {god gift}
 54237 | Spider:2 | Reached skill level 16 in Hexes
 54753 | Spider:2 | Noticed Mlioglotl
 55156 | Spider:2 | Noticed a profane servitor
 55161 | Spider:2 | Killed Mlioglotl
 56276 | Spider:3 | Received a gift from Sif Muna
 56311 | Spider:3 | Identified Roxanne's Papyrus of the Mountains
 56311 | Spider:3 | Noticed Roxanne
 56450 | Spider:3 | Noticed Arachne
 56528 | Spider:3 | Killed Roxanne
 56532 | Spider:3 | Reached skill level 17 in Hexes
 56858 | Spider:4 | Entered Level 4 of the Spider Nest
 56858 | Spider:4 | Noticed Asterion
 56864 | Spider:4 | Reached skill level 10 in Fighting
 57969 | Spider:4 | Killed Asterion
 57970 | Spider:4 | Reached XP level 17. HP: 76/76 MP: 14/32
 58252 | Spider:4 | Reached skill level 18 in Hexes
 58668 | Spider:4 | Received a gift from Sif Muna
 58681 | Spider:4 | Learned a level 4 spell: Olgreb's Toxic Radiance
 59756 | Spider:4 | Got a gossamer rune of Zot
 59993 | Shoals:1 | Entered Level 1 of the Shoals
 60564 | Shoals:1 | You fall into a shaft and drop 1 floor!
 60612 | Shoals:2 | Received a gift from Sif Muna
 60613 | Shoals:2 | Got Sif Muna's Compendium of Doomed Feathers {god gift}
 60672 | Shoals:2 | Reached skill level 19 in Hexes
 60758 | Shoals:2 | Noticed Ilsuiw
 60767 | Shoals:2 | Killed Ilsuiw
 60994 | Shoals:1 | Noticed Donald
 60998 | Shoals:1 | Killed Donald
 61514 | Shoals:1 | Noticed Josephine
 61519 | Shoals:1 | Killed Josephine
 61734 | Shoals:1 | Noticed Louise
 61744 | Shoals:1 | Killed Louise
 62996 | Shoals:2 | Reached skill level 20 in Hexes
 63855 | Shoals:3 | Found an iron altar of Okawaru.
 64376 | Shoals:3 | Received a gift from Sif Muna
 64377 | Shoals:3 | Got Sif Muna's Handbook of Flames and Translocation {god
                  | gift}
 65278 | Shoals:3 | Reached XP level 18. HP: 49/80 MP: 24/34
 66177 | Shoals:4 | Entered Level 4 of the Shoals
 66694 | Shoals:4 | Reached skill level 21 in Hexes
 67753 | Shoals:4 | Found an opulent altar of Gozag.
 67931 | Shoals:4 | Received a gift from Sif Muna
 67934 | Shoals:4 | Got Sif Muna's Compendium of the Escort {god gift}
 69624 | Shoals:4 | Noticed Aizul
 69633 | Shoals:4 | Killed Aizul
 69845 | Shoals:4 | Got a barnacled rune of Zot
 69903 | Shoals:4 | Received a gift from Sif Muna
 69909 | Shoals:4 | Got Sif Muna's Incunabulum of Rationality {god gift}
 69921 | Shoals:4 | Learned a level 8 spell: Discord
 70021 | Shoals:4 | Got Sif Muna's Reference Book on Warped Evil Arts
 70773 | Elf:1    | Entered Level 1 of the Elven Halls
 71011 | Elf:1    | Found Yffon's Armour Emporium.
 71393 | Elf:1    | Found Huacixteff's Armour Shoppe.
 71607 | Elf:1    | Found Tiguj's Antique Armour Boutique.
 71730 | Elf:1    | Found Jutwagg's Antique Armour Shop.
 71883 | Elf:1    | Learned a level 5 spell: Lee's Rapid Deconstruction
 72125 | Elf:1    | Reached skill level 1 in Earth Magic
 72165 | Elf:1    | Found Mimofo's General Store.
 72579 | Elf:2    | Found a shimmering blue altar of Sif Muna.
 72644 | Elf:1    | Found a shimmering blue altar of Sif Muna.
 73207 | Elf:2    | Found a runed translucent gate.
 73207 | Elf:2    | Found a runed translucent gate.
 73207 | Elf:2    | Found a runed translucent gate.
 73260 | Elf:2    | Reached ****** piety under Sif Muna
 73521 | Elf:2    | Reached skill level 15 in Dodging
 73617 | Elf:2    | Reached XP level 19. HP: 84/84 MP: 33/38
 73827 | Elf:3    | Entered Level 3 of the Elven Halls
 73914 | Elf:3    | Found a magical portal.
 74038 | Elf:3    | Received a gift from Sif Muna
 74039 | Elf:3    | Got Sif Muna's Catalogue of Aerial Orientation {god gift}
 74103 | WizLab   | Entered Yara's Duelist Academy
 74329 | WizLab   | Reached skill level 5 in Earth Magic
 75639 | WizLab   | Mangled by a hell knight
 75640 | WizLab   | Reached XP level 18. HP: -7/80 MP: 0/37
 75748 | WizLab   | Noticed Labb
 75962 | WizLab   | Killed Labb the Head Instructor
 75963 | WizLab   | Reached skill level 22 in Hexes
 76673 | Elf:3    | Learned a level 5 spell: Yara's Violent Unravelling
 77384 | Elf:3    | Identified the +8 trident "Ejaph" {drain, +Blink rN++ Dex-3
                  | Stlth+}
 77509 | Elf:3    | Found the ring of the Octopus King {AC+1 EV+1 Str+1 Int+1
                  | Dex+1 SInv}
 77739 | Elf:3    | Received a gift from Sif Muna
 77742 | Elf:3    | Got Sif Muna's Papyrus of Bewitchment and the Escort {god
                  | gift}
 77926 | Elf:3    | Shot with an arrow by a deep elf master archer
 77927 | Elf:3    | Reached XP level 17. HP: -8/76 MP: 12/36
 78075 | Elf:3    | Killed a deep elf master archer
 78338 | Elf:3    | Identified the +9 rapier of Reinforcement {protect, rF+}
 78536 | Elf:3    | Noticed a deep elf master archer
 78552 | Elf:3    | Killed a deep elf master archer
 78909 | Elf:3    | Found the +7 Spriggan's Knife {stab, EV+4 Stlth+}
 78918 | Elf:3    | Identified the +3 long sword of the Snake Pit {spect, rC+
                  | SInv}
 79816 | Spider:3 | Killed Arachne
 80243 | Vaults:1 | Entered Level 1 of the Vaults
 80271 | Vaults:1 | Reached skill level 15 in Spellcasting
 80616 | Vaults:1 | Reached XP level 18. HP: 80/80 MP: 26/38
 81625 | Vaults:1 | Identified a scroll of acquirement
 81630 | Vaults:1 | Acquired 660 gold pieces
 84928 | Vaults:2 | Received a gift from Sif Muna
 84950 | Vaults:2 | Learned a level 6 spell: Statue Form
 86613 | Vaults:2 | Reached XP level 19. HP: 67/84 MP: 32/41
 86784 | Vaults:2 | Found a staircase to the Crypt.
 86784 | Vaults:2 | Found a basalt altar of Yredelemnul.
 86784 | Vaults:2 | Found an ancient bone altar of Kikubaaqudgha.
 87161 | Vaults:2 | Reached skill level 10 in Earth Magic
 88374 | Vaults:3 | Received a gift from Sif Muna
 88381 | Vaults:3 | Got Sif Muna's Volume of Icy Conjuration {god gift}
 90489 | Vaults:4 | Noticed Bai Suzhen
 90563 | Vaults:4 | Killed Bai Suzhen
 91652 | Vaults:4 | Mangled by a vault warden

Illustrated notes

Levels and vault maps discovered:
D:1:      saegor_arrival_simple_c, layout_loops_cross
D:2:      layout_loops_corners, basic_altar
D:3:      layout_loops_cross, grunt_temple_overflow_open,
          cheibrodos_sewer_entry_bend, minmay_shallow_snake_nest, uniq_terence,
          uniq_sigmund
D:4:      layout_basic, kennysheep_decorative_pillar
D:5:      layout_gridville
D:6:      layout_basic, nzn_wu_jian_contemplation,
          minmay_temple_entry_stoned_glass, lightli_minifort
D:7:      kennysheep_six_static_rooms, layout_basic, dancing_weapons_uskayaw,
          mainiacjoe_overflow_catwalk
D:8:      layout_basic, uniq_maurice, uniq_psyche
D:9:      layout_rooms, nicolae_vehumet_radiance, serial_bayou,
          serial_bayou_ford_a, serial_bayou_crossing, serial_bayou_pond_a,
          serial_bayou_shore_a, serial_bayou_pond_d, billiards_dpeg, uniq_harold
D:10:     minmay_wavy_crystal, layout_gridville, serial_shops, shop,
          minmay_circle_x, uniq_grum
D:11:     layout_loops_cross, grunt_lair_entry_orc_guard_hut, uniq_fannar
D:12:     minmay_tri_stars, layout_basic, hiddenorc1_lemuel, uniq_gastronok
D:13:     layout_rooms, special_room [special_room_orc]
D:14:     layout_basic, lightli_vaults_fourway_checkpoint, serial_park_square2,
          serial_corexii_hall, corexii_hall_statues_x, corexii_hall_statues_i,
          chequers_hall_statues_corner_a, corexii_hall_statues_s, minivault_13
D:15:     grunt_enter_depths_snipers, layout_stronghold, minivault_14
Lair:1:   minmay_lair_oklob_chamber, layout_hall_layers
Lair:2:   layout_loops_ring, shoals_dummy_entry, infiniplex_staircase_pool_2
Lair:3:   layout_cave_pods, grunt_megastairs_2, uniq_rupert
Lair:4:   layout_roguey, spider_nest_entry_web_field
Lair:5:   wander_river, layout_gridlike, slime_altar_2,
          portal_ice_cave_entry_ice_simulacra, gammafunk_ghost_cemetery,
          lemuel_fruit_tree
Lair:6:   minmay_lair_end_enchanted_forest, layout_regular_city,
          gauntlet_entry_generic, uniq_snorg
Shoals:1: layout_shoals, yaktaur_hedge, uniq_louise, uniq_donald, uniq_josephine
Shoals:2: layout_shoals, nicolae_shoals_hidden_pirate_stash, uniq_ilsuiw
Shoals:3: layout_shoals, lemuel_oklob_altar
Shoals:4: shoals_end_grunt_ice, layout_shoals, shoals_ilsuiw_alternative,
          lemuel_centaur_altar, uniq_aizul
Spider:1: layout_chambers, gammafunk_ghost_abyssal_escape
Spider:2: layout_spider_delve, hangedman_spider_tarantella_strand,
          uniq_mlioglotl
Spider:3: layout_spider_delve, guppyfry_spider_mini_1, uniq_arachne,
          uniq_roxanne
Spider:4: grunt_spider_rune_circles, uniq_asterion
Orc:1:    layout_diamond_mine, roderic_batcave, statue_in_the_mist_lemuel,
          uniq_urug
Orc:2:    st_orc_mages, layout_caves
Elf:1:    elf_arrival_001, layout_gridlike, serial_shops, shop, shop,
          nicolae_lakefront_shop, shop, shop, hangedman_elf_represent,
          minivault_26, grunt_megastairs_4, lemuel_upstairs_altar
Elf:2:    elven_hall_of_blades_hangedman_original [nicolae_blade_bullseye],
          layout_geoelf_grid, basic_altar
Elf:3:    grunt_elf_hall_branching, layout_loops_cross,
          lightli_enter_wizlab_magi_temple
Vaults:1: nicolae_vaults_network_square, hangedman_vaults_slither,
          hangedman_vaults_maws, v_rooms_5, vaults_mumra_hexcomb,
          hangedman_vaults_river_flow, v_misc_16, nicolae_vaults_rhombus_7,
          ontoclasm_vaults_gateway, st_octagons_2, vaults_mumra_lcd,
          layout_vaults_big_cross
Vaults:2: v_rooms_1, nicolae_vaults_stairing_the_circle,
          minmay_crypt_entry_necro_gods, v_misc_4, hangedman_vaults_stagger,
          ontoclasm_vaults_hangar, nicolae_vaults_little_squares_3,
          serial_ice_h, layout_vaults_quadrants
Vaults:3: hangedman_vaults_corner, nicolae_vaults_mini_display_case,
          vaults_room_large_hall, ontoclasm_vaults_ring_square, v_misc_32,
          vaults_room_corners, nicolae_vaults_rhombus_6,
          ontoclasm_vaults_misaligned, vaults_room_stairs_pillars,
          layout_vaults_chaotic_city
Vaults:4: nicolae_vaults_twisting_passages, nicolae_vaults_know_your_exits,
          vaults_mumra_chevron, vaults_mumra_minichess_inversion, v_misc_10,
          grunt_vaults_twisty, v_alt_pattern_2, v_misc_33, vaults_dpeg_spiral,
          ontoclasm_vaults_ring_square, nicolae_vaults_theta,
          ontoclasm_vaults_ring_square, layout_vaults_maze_bifur,
          uniq_bai_suzhen

Skill      XL: |  1  2  3  4  5  6  7  8  9 10 11 12 13 14 15 16 17 18 19 |
---------------+----------------------------------------------------------+-----
Fighting       | 1 2 4 6 10 | 10.0
Conjurations   | 4 5 6 7 8 9 10 11 | 11.9
Air Magic      | 2 3 4 5 6 7 |  7.0
Poison Magic   | 2 3 4 5 6 7 8 |  8.0
Spellcasting   | 3 4 5 7 9 10 15 17 | 17.0
Hexes          | 1 5 10 11 12 14 17 20 22 | 22.5
Unarmed Combat | 1 2 4 5 7 |  7.2
Stealth        | 7 6 8 9 12 13 | 13.6
Dodging        | 4 5 6 7 10 11 16 15 | 16.1
Evocations     | 4 5 6 7 |  7.0
Invocations    | 4 5 |  5.0
Translocations | 4 5 7 |  7.0
Transmutations | 7 10 12 | 12.0
Fire Magic     | 5 |  5.0
Earth Magic    | 7 9 11 | 11.9

Action                   |  1- 3 |  4- 6 |  7- 9 | 10-12 | 13-15 | 16-18 | 19-21 || total
-------------------------+-------+-------+-------+-------+-------+-------+-------++-------
Melee: Unarmed           |     9 |    33 |    36 |    34 |    62 |   191 |    79 ||   444
       Bite              |       |     2 |     1 |     4 |     7 |    20 |     7 ||    41
       Punch             |       |       |       |       |     3 |     5 |     2 ||    10
 Cast: Magic Dart        |    51 |   105 |   138 |    59 |   104 |     6 |       ||   463
       Searing Ray       |     2 |     9 |    70 |    56 |    25 |       |       ||   162
       Poisonous Vapours |       |    25 |    64 |   217 |   278 |   445 |    46 ||  1075
       Slow              |       |       |     3 |     1 |       |       |       ||     4
       Fulminant Prism   |       |       |     4 |    51 |    69 |    34 |       ||   158
       Confusing Touch   |       |       |     1 |     2 |       |     1 |       ||     4
       Iskenderun's Myst |       |       |       |    14 |    83 |    21 |    12 ||   130
       Ignite Poison     |       |       |       |    39 |   210 |   375 |    23 ||   647
       Irradiate         |       |       |       |       |    58 |   178 |    64 ||   300
       Invisibility      |       |       |       |       |     3 |    52 |     5 ||    60
       Blink             |       |       |       |       |     2 |     6 |     1 ||     9
       Apportation       |       |       |       |       |       |     8 |     2 ||    10
       Ensorcelled Hiber |       |       |       |       |       |     1 |       ||     1
       Olgreb's Toxic Ra |       |       |       |       |       |    21 |       ||    21
       Lee's Rapid Decon |       |       |       |       |       |     6 |     5 ||    11
       Discord           |       |       |       |       |       |    54 |    36 ||    90
       Yara's Violent Un |       |       |       |       |       |    13 |    11 ||    24
       Statue Form       |       |       |       |       |       |       |     5 ||     5
       Passwall          |       |       |       |       |       |       |     1 ||     1
Invok: Channel Magic     |       |       |       |     2 |    20 |    10 |     3 ||    35
       Divine Exegesis   |       |       |       |       |       |       |     1 ||     1
 Abil: End Transformatio |       |       |       |       |       |       |     4 ||     4
Evoke: Wand              |       |       |     9 |     7 |     7 |    14 |    10 ||    47
       Lightning rod     |       |       |       |     4 |    18 |     8 |     4 ||    34
       Condenser vane    |       |       |       |       |     2 |     6 |       ||     8
       Phial of floods   |       |       |       |       |       |     4 |     1 ||     5
       Box of beasts     |       |       |       |       |       |     2 |     2 ||     4
       Tin of tremorston |       |       |       |       |       |     2 |       ||     2
       Phantom mirror    |       |       |       |       |       |     1 |     1 ||     2
  Use: Scroll            |     2 |       |    15 |    11 |    11 |     8 |     3 ||    50
       Potion            |       |       |       |       |     8 |     7 |     5 ||    20
 Stab: Sleeping          |     6 |     4 |       |     4 |     6 |    55 |    12 ||    87
       Paralysed         |       |       |     4 |     4 |     1 |       |       ||     9
       Petrified         |       |       |       |       |     4 |       |       ||     4
       Invisible         |       |       |       |       |       |    38 |     2 ||    40
       Confused          |       |       |       |       |       |     2 |       ||     2
       Distracted        |       |       |       |       |       |     2 |     3 ||     5
Armor: Skin              |       |     5 |    11 |    11 |    12 |    16 |    10 ||    65
Dodge: Dodged            |     7 |    29 |   118 |   137 |   183 |   517 |   166 ||  1157
Block: Other             |       |       |       |       |       |    25 |    22 ||    47
       Reflection        |       |       |       |       |       |     3 |     1 ||     4

Table legend: (Time is in decaauts)
 A = Elapsed time spent in this place.
 B = Non-inter-level travel time spent in this place.
 C = Inter-level travel time spent in this place.
 D = Time resting spent in this place.
 E = Time spent auto-exploring this place.
 F = Levels seen in this place.
 G = Mean time per level.
                   A        B        C        D        E       F      G
               +--------+--------+--------+--------+--------+-----+--------+
         Total |  84099 |  81078 |   3021 |  14348 |  53773 |  42 | 2002.4 |
       Dungeon |  28114 |  26802 |   1312 |   4809 |  17510 |  15 | 1874.3 |
          Lair |  13016 |  12424 |    592 |   1217 |   9428 |   6 | 2169.3 |
        Shoals |   9828 |   9616 |    212 |   1407 |   7084 |   4 | 2457.0 |
   Spider Nest |   7837 |   7459 |    378 |    401 |   5995 |   4 | 1959.2 |
  Orcish Mines |   2636 |   2495 |    141 |    380 |   1782 |   2 | 1318.0 |
   Elven Halls |   5958 |   5763 |    195 |   1739 |   2859 |   3 | 1986.0 |
        Vaults |  10386 |  10197 |    189 |    900 |   7874 |   4 | 2596.5 |
         Sewer |   1450 |   1450 |      0 |    801 |    219 |   1 | 1450.0 |
      Ice Cave |   1864 |   1864 |      0 |   1338 |    157 |   1 | 1864.0 |
        Wizlab |   1908 |   1908 |      0 |   1295 |    110 |   1 | 1908.0 |
      Gauntlet |   1097 |   1097 |      0 |     56 |    751 |   1 | 1097.0 |
               +--------+--------+--------+--------+--------+-----+--------+

Top non-repeatable levels by time:
Shoals:4: 3895 daAuts
Vaults:1: 3805 daAuts
    D:10: 3611 daAuts
   Elf:3: 3142 daAuts
    D:12: 3108 daAuts
  Lair:6: 3014 daAuts
Vaults:2: 2819 daAuts
     D:9: 2805 daAuts
Spider:1: 2593 daAuts
  Lair:3: 2522 daAuts
Shoals:3: 2396 daAuts
  Lair:2: 2379 daAuts
     D:8: 2311 daAuts
Spider:3: 2288 daAuts
Vaults:3: 2229 daAuts
